 Dungeon Sprint DCSS version 0.30.1-3-gfc49f6343a (webtiles) character file.

Game seed: 12186246162028111065

21266 Groucho the Spry (level 12, -3/73 HPs)
             Began as a Spriggan Hunter on July 18, 2023.
             Was the Champion of Qazlal.
             Slain by an orc knight
             ... wielding a +0 bardiche
              (18 damage)
             ... in the Dungeon (Sprint VII: "The Pits").
             The game lasted 00:14:49 (6469 turns).

Groucho the Spry (Spriggan Hunter)                  Turns: 6469, Time: 00:14:49

Health: -3/73      AC:  6    Str:  7    XL:     12   Next: 52%
Magic:  19/26      EV: 41    Int: 14    God:    Qazlal [******]
Gold:   23         SH:  8    Dex: 26    Spells: 29/29 levels left

rFire   . . .        B - +0 arbalest
rCold   . . .        (shield currently unavailable)
rNeg    . . .        s - +0 robe {Will+}
rPois   .            (helmet restricted)
rElec   .            r - +0 cloak
rCorr   .            (gloves unavailable)
SInv    +            (boots unavailable)
Will    +++..        (no amulet)
Stlth   +            n - +3 ring of dexterity
HPRegen 0.32/turn    m - +3 ring of intelligence
MPRegen 0.20/turn

%: no teleportation, repel missiles
@: protected from physical damage, very quick
A: very small, no large weapons, unfitting armour, see invisible, speed 3
a: Renounce Religion, Upheaval, Elemental Force, Disaster Area


You were in the Dungeon.
You worshipped Qazlal.
Qazlal was exalted by your worship.
You visited 1 branch You collected 23 gold pieces.

Inventory:

Hand Weapons
 a - a +0 shortbow
 B - a +0 arbalest (weapon)
Armour
 c - +0 acid dragon scales
 r - a +0 cloak (worn)
 s - a +0 robe of willpower (worn)
Jewellery
 m - a +3 ring of intelligence (right hand)
 n - a +3 ring of dexterity (left hand)
 x - a ring of protection from fire
 y - the amulet of Ucrib {Regen+ Int+4}
   (You found it in the Dungeon)

   [amulet of regeneration]

   Int:       It affects your intelligence (+4).
   Regen:     It increases your rate of health regeneration.
 A - the ring "Qadghusch" {rCorr Str+6 Dex+5}
   (You found it in the Dungeon)

   [ring of strength]

   Str:       It affects your strength (+6).
   Dex:       It affects your dexterity (+5).
   rCorr:     It protects you from acid and corrosion.
 C - a ring of protection from cold
Wands
 z - a wand of quicksilver (11)
Scrolls
 b - a scroll of immolation
 i - 2 scrolls of blinking
 k - 5 scrolls of amnesia
 l - a scroll of summoning
 t - 3 scrolls of fear
 u - 4 scrolls of enchant weapon
 v - a scroll of fog
 D - a scroll of identify
Potions
 d - 9 potions of curing
 e - 11 potions of heal wounds
 f - 3 potions of haste
 g - 4 potions of magic
 h - 6 potions of berserk rage
 j - 2 potions of invisibility
 o - 3 potions of might
 p - 2 potions of brilliance
 q - a potion of resistance
 w - 2 potions of mutation


   Skills:
 * Level 13.6 Fighting
 * Level 16.3 Ranged Weapons
 + Level 5.6 Armour
 * Level 20.2 Dodging
 - Level 1.5 Stealth
 + Level 9.1 Spellcasting
 * Level 15.8 Invocations


You had 29 spell levels left.
You didn't know any spells.
Your spell library contained the following spells:

 Spells                   Type           Power      Damage    Failure   Level
 Lesser Beckoning         Tloc           12%        N/A       17%         2
 Gell's Gravitas          Tloc           6%         N/A       34%         3
 Teleport Other           Tloc           6%         N/A       34%         3


Dungeon Overview and Level Annotations

Branches:
Dungeon (1/1)

Altars:
Ashenzari
Cheibriados
Dithmenos
Elyvilon
Fedhas
Gozag
Hepliaklqana
Kikubaaqudgha
Makhleb
Nemelex Xobeh
Okawaru
Qazlal
Ru
Sif Muna
Trog
Uskayaw
Vehumet
Wu Jian
Xom
Yredelemnul
Zin
The Shining One
Jiyva
Lugonu


Innate Abilities, Weirdness & Mutations

You are very small and have problems with some larger weapons.
You are too small for most types of armour.
You have supernaturally acute eyesight. (SInv)
You cover ground extremely quickly. (Speed+++)


Message History

Qazlal accepts your kill. The sixfirhy completely misses you.
The naga warrior spits poison at you. The splash of poison misses you.
Your Spellcasting skill increases to level 9!
Unknown command.
You shoot a bolt. The bolt barely misses the sixfirhy.
The bolt hits the vault guard!
The vault guard is heavily wounded.
The sixfirhy hits you! The sixfirhy shocks you!
You block the sixfirhy's attack. x2; The sixfirhy hits you.
The sixfirhy shocks you!
A deep elf knight comes into view. It is wielding a +0 scimitar.
Unknown command.
The sixfirhy closely misses you.
You shoot a bolt.
The bolt hits the sixfirhy but does no damage.
The sixfirhy is severely wounded.
An orc knight comes into view. It is wielding a +0 bardiche.
You shoot a bolt. The bolt misses the sixfirhy.
The bolt barely misses the vault guard.
The sixfirhy completely misses you.
The deep elf knight casts a spell at you.
The shard of ice is repelled.
The shard of ice hits the sixfirhy!!
The sixfirhy dies!
The naga warrior is engulfed in blazing flames.
You shoot a bolt.
The bolt hits the vault guard but does no damage.
The vault guard is heavily wounded.
The vault guard is engulfed in blazing flames.
You block the vault guard's attack.
The vault guard is engulfed in blazing flames.
The vault guard hits you from afar with a +0 glaive!
You feel protected from physical attacks.
Unknown command.
The vault guard is engulfed in blazing flames.
The deep elf knight hits you with a +0 scimitar!
* * * LOW HITPOINT WARNING * * *
You feel more protected from physical attacks.
The orc knight hits you from afar with a +0 bardiche!!
You die...

*++*****************************
#++##############################
#..(.............................
#...).....).).....[..............
#..##############''##############
#..#,,+.,,+,,#........#,,+,,,+,,#
#..#,,#..,*,,#....)...#,,*,,,*,,#
#..#*##...#######).####***,,,***#
#..#,.....)..#..@○.)..#..,,,,,,,#
#..#,.......○N.e§[o).....,,,,,,,#
#..#,........#........#..,,,,,,,#
#..#*+###+##.####..####,#*+***+*#
...#,,,,*,,#.#,,####,,*,*,,*,,,,#
...#,,,,*,,#.+,,* *,,+,*,,*,,,,#
####*******###*** *************#
############ ******************
#..........# *,,,,**,,,*,*,*,,,


You could see a naga warrior, an orc knight and a deep elf knight.

Vanquished Creatures
  2 orc warlords (D)
  An eidolon (D)
  A slime creature (D)
  2 vault guards (D)
  A hydra (D)
  A merfolk avatar (D)
  A boulder beetle (D)
  A deep elf knight (D)
  2 swamp dragons (D)
  A flayed ghost (D)
  10 orc knights (D)
  A lindwurm (D)
  A deep elf pyromancer (D)
  A phantasmal warrior (D)
  A deep elf zephyrmancer (D)
  A black mamba (D)
  2 cyclopes (D)
  A smoke demon (D)
  A cane toad (D)
  An unseen horror (D)
  2 efreet (D)
  An ice devil (D)
  3 hellwings (D)
  3 trolls (D)
  A wind drake (D)
  A hornet (D)
  A snapping turtle (D)
  2 spriggans (D)
  2 fire bats (D)
  A chaos spawn (D)
  4 vampire mosquitoes (D)
  2 wargs (D)
  A water moccasin (D)
  An acid dragon (D)
  2 floating eyes (D)
  An ice beast (D)
  An orc warrior (D)
  2 wolves (D)
  2 kobold brigands (D)
  2 necrophages (D)
  A crimson imp (D)
  A quasit (D)
  3 orc priests (D)
  2 hounds (D)
  5 orc wizards (D)
  2 river rats (D)
  A worm (D)
  5 orcs (D)
  A ball python (D)
  A giant cockroach (D)
  A goblin (D)
  A hobgoblin (D)
  4 jackals (D)
  3 bats (D)
  4 frilled lizards (D)
  A quokka zombie (D)
  2 rats (D)
106 creatures vanquished.

Vanquished Creatures (others)
  A sixfirhy (D)
1 creature vanquished.

Grand Total: 107 creatures vanquished

Notes
Turn   | Place    | Note
-------+----------+-------------------------------------------
     0 | D        | Groucho the Spriggan Hunter began the quest for the Orb.
     0 | D        | Reached XP level 1. HP: 10/10 MP: 2/2
    16 | D        | Reached skill level 3 in Dodging
    45 | D        | Found a bloodstained altar of Trog.
    45 | D        | Found a shimmering blue altar of Sif Muna.
    45 | D        | Found a viscous altar of Jiyva.
    45 | D        | Found a hazy altar of Hepliaklqana.
    45 | D        | Found an opulent altar of Gozag.
    46 | D        | Found a glowing golden altar of the Shining One.
    46 | D        | Found a glowing silver altar of Zin.
    46 | D        | Found a basalt altar of Yredelemnul.
    46 | D        | Found a shimmering altar of Xom.
    46 | D        | Found an ornate altar of the Wu Jian Council.
    46 | D        | Found a sacrificial altar of Ru.
    46 | D        | Found a stormy altar of Qazlal.
    46 | D        | Found an iron altar of Okawaru.
    46 | D        | Found a sparkling altar of Nemelex Xobeh.
    46 | D        | Found a burning altar of Makhleb.
    46 | D        | Found a blossoming altar of Fedhas.
    46 | D        | Found a white marble altar of Elyvilon.
    46 | D        | Found a shadowy altar of Dithmenos.
    46 | D        | Found a snail-covered altar of Cheibriados.
    48 | D        | Found a radiant altar of Vehumet.
    48 | D        | Found a corrupted altar of Lugonu.
    49 | D        | Found a hide-covered altar of Uskayaw.
    49 | D        | Found an ancient bone altar of Kikubaaqudgha.
    49 | D        | Found a broken altar of Ashenzari.
    63 | D        | Became a worshipper of Qazlal Stormbringer
    75 | D        | Reached skill level 1 in Invocations
   337 | D        | Reached XP level 2. HP: 16/16 MP: 2/4
   473 | D        | Reached * piety under Qazlal
   474 | D        | Noticed a floating eye
   478 | D        | Killed a floating eye
   479 | D        | Reached skill level 6 in Dodging
   479 | D        | Reached XP level 3. HP: 21/21 MP: 4/7
   479 | D        | Reached XP level 4. HP: 25/25 MP: 4/8
   830 | D        | Reached ** piety under Qazlal
   834 | D        | Noticed a floating eye
   835 | D        | Noticed a fire bat
   841 | D        | Killed a floating eye
   842 | D        | Reached skill level 5 in Fighting
   842 | D        | Reached skill level 8 in Dodging
   842 | D        | Reached skill level 5 in Invocations
   842 | D        | Reached XP level 5. HP: 30/30 MP: 5/10
   852 | D        | Killed a fire bat
   853 | D        | Reached skill level 9 in Dodging
   853 | D        | Reached XP level 6. HP: 36/36 MP: 6/12
  1051 | D        | Noticed a water moccasin
  1066 | D        | Reached *** piety under Qazlal
  1078 | D        | Killed a water moccasin
  1079 | D        | Reached skill level 10 in Dodging
  1079 | D        | Reached XP level 7. HP: 23/41 MP: 13/13
  1096 | D        | Reached **** piety under Qazlal
  1572 | D        | Noticed a fire bat
  1585 | D        | Killed a fire bat
  1586 | D        | Reached skill level 11 in Dodging
  1737 | D        | Reached ***** piety under Qazlal
  2175 | D        | Noticed a deep elf zephyrmancer
  2175 | D        | Noticed a black mamba
  2177 | D        | Killed a black mamba
  2178 | D        | Reached skill level 10 in Ranged Weapons
  2178 | D        | Reached skill level 12 in Dodging
  2178 | D        | Reached XP level 8. HP: 33/47 MP: 8/16
  2179 | D        | Killed a deep elf zephyrmancer
  2180 | D        | Reached skill level 13 in Dodging
  2764 | D        | Noticed a boulder beetle
  2766 | D        | Noticed a swamp dragon
  2775 | D        | Killed a boulder beetle
  2776 | D        | Reached skill level 10 in Invocations
  2776 | D        | Reached XP level 9. HP: 53/53 MP: 2/17
  3312 | D        | Killed a swamp dragon
  3313 | D        | Reached skill level 14 in Dodging
  3805 | D        | Noticed a hellwing
  3805 | D        | Noticed a flayed ghost
  3810 | D        | Killed a flayed ghost
  3811 | D        | Reached skill level 15 in Dodging
  3841 | D        | Killed a hellwing
  3842 | D        | Reached skill level 10 in Fighting
  4119 | D        | Noticed a deep elf pyromancer
  4126 | D        | Killed a deep elf pyromancer
  4127 | D        | Reached XP level 10. HP: 59/60 MP: 18/20
  4129 | D        | Reached ****** piety under Qazlal
  4160 | D        | Reached skill level 1 in Spellcasting
  4160 | D        | Noticed an orc knight
  4188 | D        | Killed an orc knight
  4189 | D        | Reached skill level 1 in Armour
  4189 | D        | Reached skill level 16 in Dodging
  4517 | D        | Noticed a phantasmal warrior
  4519 | D        | Noticed a cane toad
  4537 | D        | Killed a cane toad
  4539 | D        | Killed a phantasmal warrior
  4826 | D        | Killed an enormous slime creature
  4993 | D        | Noticed a spriggan rider
  4994 | D        | Reached skill level 17 in Dodging
  4994 | D        | Reached XP level 11. HP: 65/65 MP: 17/22
  4996 | D        | Noticed a lindwurm
  4998 | D        | Killed a lindwurm
  4999 | D        | Reached skill level 5 in Spellcasting
  5587 | D        | Got the amulet of Ucrib {Regen+ Int+4}
  5591 | D        | Got the ring "Qadghusch" {rCorr Str+6 Dex+5}
  5703 | D        | Noticed a four-headed hydra
  5706 | D        | Noticed a merfolk avatar
  5717 | D        | Killed a four-headed hydra
  5718 | D        | Reached skill level 18 in Dodging
  5726 | D        | Killed a merfolk avatar
  5751 | D        | Noticed a swamp dragon
  5758 | D        | Killed a swamp dragon
  5834 | D        | Reached skill level 15 in Ranged Weapons
  5880 | D        | Noticed an eidolon
  5880 | D        | Noticed an orc knight
  5880 | D        | Noticed an orc knight
  5880 | D        | Noticed an orc knight
  5880 | D        | Noticed an orc knight
  5880 | D        | Noticed an orc knight
  5880 | D        | Noticed an orc knight
  5881 | D        | Noticed an orc warlord
  5881 | D        | Noticed an orc warlord
  5881 | D        | Noticed an orc knight
  5881 | D        | Noticed an orc knight
  5882 | D        | Killed an orc knight
  5882 | D        | Killed an orc knight
  5882 | D        | Killed an orc knight
  5882 | D        | Killed an orc knight
  5882 | D        | Killed an orc knight
  5883 | D        | Reached skill level 19 in Dodging
  5883 | D        | Killed an eidolon
  5883 | D        | Killed an orc knight
  5883 | D        | Killed an orc knight
  5883 | D        | Killed an orc warlord
  5884 | D        | Reached skill level 5 in Armour
  5884 | D        | Reached skill level 15 in Invocations
  5884 | D        | Reached XP level 12. HP: 72/73 MP: 6/25
  5900 | D        | Killed an orc warlord
  5914 | D        | Noticed a vault guard
  5955 | D        | Killed a vault guard
  5956 | D        | Reached skill level 20 in Dodging
  6457 | D        | Noticed a naga warrior
  6458 | D        | Noticed a vault guard
  6458 | D        | Noticed a vault guard
  6461 | D        | Killed a vault guard
  6469 | D        | Slain by an orc knight

Illustrated notes

Levels and vault maps discovered:
D:        pitsprint [storerooms_1, entrance_room_1, metal_vault_7, armoury_2,
          mini_pit_1, grid_room_1, main_hall_1, silver_pit, the_coven_3,
          the_vestibule_1, steel_vault_1, golden_pit, hallway_of_sentries,
          crystal_vault_6, iron_vault_4, final_vault]

Skill      XL: |  1  2  3  4  5  6  7  8  9 10 11 12 |
---------------+-------------------------------------+-----
Dodging        | 3 6 8 9 10 12 13 15 17 19 20 | 20.2
Invocations    | 1 4 5 6 7 9 10 12 13 15 | 15.8
Fighting       | 2 4 5 6 8 9 10 11 13 | 13.6
Ranged Weapons | 6 7 8 10 11 12 13 15 16 | 16.3
Spellcasting   | 4 8 9 |  9.1
Armour         | 2 5 |  5.6
Stealth        | |  1.5

Action                     |  1- 3 |  4- 6 |  7- 9 | 10-12 || total
---------------------------+-------+-------+-------+-------++-------
   Fire: Shortbow          |    16 |    37 |   134 |    75 ||   262
         Arbalest          |       |       |       |    87 ||    87
 Invoke: Upheaval          |       |     1 |    13 |    27 ||    41
         Disaster Area     |       |       |       |     3 ||     3
    Use: Potion            |       |     1 |       |       ||     1
         Scroll            |       |       |       |     1 ||     1
 Armour: Robe              |     1 |     1 |     5 |       ||     7
  Dodge: Dodged            |     2 |    33 |   107 |    66 ||   208
         Repelled          |       |       |     1 |     2 ||     3
  Block: Other             |       |     7 |    25 |    22 ||    54
